 Dungeon Crawl Stone Soup version 0.18.1-47-g9310371 (webtiles) character file.

277 M4edhros the Covert (level 6, -4/38 HPs)
             Began as an Octopode Artificer on June 13, 2016.
             Slain by an orc
             ... wielding a +0 falchion of protection
              (9 damage)
             ... on level 3 of the Dungeon.
             The game lasted 00:01:28 (1112 turns).

M4edhros the Covert (Octopode Artificer)            Turns: 1112, Time: 00:01:28

Health: -4/38      AC:  1    Str: 10    XL:     6   Next: 25%
Magic:  8/8        EV: 12    Int: 14    God:
Gold:   72         SH:  0    Dex: 15    Spells: 0 memorised, 5 levels left

rFire  . . .     SeeInvis .     a - +0 short sword
rCold  . . .     Gourm    .     (no shield)
rNeg   . . .     Faith    .     (helmet restricted)
rPois  .         Spirit   .     (no amulet)
rElec  .         Dismiss  .     (no ring)
rCorr  .         Reflect  .     (no ring)
SustAt .         Harm     .     (no ring)
MR     .....                    (no ring)
Stlth  ++++++....               (no ring)
                                (no ring)
                                (no ring)
                                (no ring)

@: not resistant to hostile enchantments, very stealthy
A: almost no armour, amphibious, 8 rings, constrict 8, camouflage 1, gelatinous
body 1
a: no special abilities


You were on level 3 of the Dungeon.
You were hungry.

You visited 1 branch of the dungeon, and saw 4 of its levels.

You collected 72 gold pieces.

Inventory:

Hand Weapons
 a - a +0 short sword (weapon)
 h - a +2 dagger of draining
Wands
 b - a wand of flame (0/48)
 c - a wand of enslavement (15/24)
 d - a wand of random effects (13/48)
Scrolls
 j - a scroll of amnesia {unknown}
 l - a scroll of noise {unknown}
 m - a scroll of identify {unknown}
Potions
 e - a potion of resistance {unknown}
 n - a potion of agility {unknown}
Comestibles
 f - 2 bread rations
 g - a royal jelly
 i - 2 meat rations
 k - a beef jerky


   Skills:
 - Level 1.0 Fighting
 - Level 1.0 Short Blades
 - Level 2.0 Dodging
 + Level 8.8 Stealth
 - Level 3.2 Evocations


You had 5 spell levels left.
You didn't know any spells.

Dungeon Overview and Level Annotations

Branches:
Dungeon (4/15)
 Temple: D:4-7

Altars:


Innate Abilities, Weirdness & Mutations

You cannot wear most types of armour.
You are amphibious.
You can wear up to eight rings at the same time.
You can use your tentacles to constrict eight enemies at once.
Your skin changes colour to match your surroundings (Stealth).
Your rubbery body absorbs attacks (AC +1).


Message History

You kill the gnoll!
Unknown command.
You see here a scroll labeled OSIEFA TEUNAC.
m - a scroll labeled OSIEFA TEUNAC Evoke which item? (* to show all) (? for menu, Esc to quit)
Zapping:
b - a wand of flame (1/48)
Press: ? - help, Shift-Dir - straight line, f - orc
Aim: an orc, wielding a falchion of protection and wearing a ring mail The puff of flame hits the orc.
The orc is severely wounded.
This wand has 0 charges left.
You hit the orc. Your grab misses the orc.
The orc is almost dead.
The orc hits you with a falchion of protection!
* * * LOW HITPOINT WARNING * * *
You barely miss the orc. You grab the orc.
The orc is severely wounded.
You constrict the orc, but do no damage.
The orc hits you with a falchion of protection!
You die...

#.# #.# #.# #.#
#.# #.# #.#
#.######## ..
#.........
#.####..######
#............#####
######...........#
#...>@......#
#..)..o.....#
...............#
#####...........
............#
####...!.....#
#.........#
#.........#


You could see an orc.

Vanquished Creatures
  The ghost of Britaniac the Basher, a novice GrFi (D:4)
  A gnoll (D:3)
  An adder (D:3)
  A worm (D:3)
  2 orcs
  A giant cockroach (D:1)
  2 goblins (D:1)
  2 hobgoblins
  2 kobolds (D:1)
  2 ball pythons
  2 giant newts
  A rat (D:1)
18 creatures vanquished.

Notes
Turn   | Place    | Note
--------------------------------------------------------------
     0 | D:1      | M4edhros the Octopode Artificer began the quest for the Orb.
     0 | D:1      | Reached XP level 1. HP: 13/13 MP: 3/3
    44 | D:1      | Reached skill level 2 in Stealth
   332 | D:1      | Reached skill level 3 in Stealth
   332 | D:1      | Reached XP level 2. HP: 15/18 MP: 4/4
   423 | D:3      | Reached skill level 4 in Stealth
   581 | D:3      | Reached XP level 3. HP: 22/23 MP: 5/5
   747 | D:4      | Noticed Britaniac's ghost (novice GrFi)
  1062 | D:4      | Killed Britaniac's ghost
  1062 | D:4      | Reached skill level 8 in Stealth
  1062 | D:4      | Reached XP level 4. HP: 28/28 MP: 6/6
  1062 | D:4      | Reached XP level 5. HP: 33/33 MP: 7/7
  1062 | D:4      | Reached XP level 6. HP: 38/38 MP: 8/8
  1112 | D:3      | Slain by an orc

Skill      XL: |  1  2  3 |
---------------+----------+-----
Stealth        | 3 4 8 |  8.8
Fighting       | |  1.0
Short Blades   | |  1.0
Dodging        | |  2.0
Evocations     | |  3.2

Action                   |  1- 3 |  4- 6 || total
-------------------------+-------+-------++-------
Melee: Short sword       |    26 |     6 ||    32
       Constrict         |     9 |     2 ||    11
       Tentacles         |     3 |     3 ||     6
Evoke: Wand              |    15 |     2 ||    17
 Stab: Sleeping          |     4 |       ||     4
Armor: Skin              |     1 |       ||     1
Dodge: Dodged            |    17 |     1 ||    18
